[Event "Bionext Festival 2019"]
[Site "Chihuahua"]
[Date "2019.12.01"]
[Round "5.5"]
[White "Gomez, Zuniga David Fernand"]
[Black "Corrales Jimenez, Zenia"]
[Result "1-0"]
[ECO "D77"]
[WhiteElo "2078"]
[BlackElo "2219"]
[Annotator "RC"]
[PlyCount "45"]
[EventDate "2019.11.30"]
[EventType "swiss"]
[EventCountry "MEX"]
[SourceTitle "playchess.com"]
[Source "ChessBase"]
[SourceQuality "1"]
[TimeControl "5400+30"]

1. d4 Nf6 2. Nf3 g6 3. g3 Bg7 4. Bg2 O-O 5. c4 d5 6. O-O dxc4 7. Na3 Nc6 8. Nxc4 Be6 9. b3 Bd5 10. Bb2 a5 11. Rc1 Qc8 12. Nfe5 Bxg2 13. Kxg2 Qe6 14. e3 Nxe5 15. Nxe5 c6 16. a3 Rfd8 17. Kg1 c5 18. Rxc5 Ne4 19. Rb5 Qa6 20. a4 Nd6 21. Rc5 Ne4 22. Rb5 b6 23. Nc4 1-0

[Event "Bionext Festival 2019"]
[Site "Chihuahua"]
[Date "2019.12.01"]
[Round "5.11"]
[White "Martinez Castaneda, Allan"]
[Black "Lugo Aldana, Alejandro"]
[Result "0-1"]
[ECO "B43"]
[WhiteElo "2045"]
[BlackElo "1570"]
[Annotator "NA RC"]
[PlyCount "92"]
[EventDate "2019.11.30"]
[EventType "swiss"]
[EventCountry "MEX"]
[SourceTitle "playchess.com"]
[Source "ChessBase"]
[SourceQuality "1"]
[TimeControl "5400+30"]

1. e4 c5 2. Nf3 e6 3. d4 cxd4 4. Nxd4 a6 5. Nc3 Qc7 6. g3 Bb4 7. Bd2 Nf6 8. Bg2 Nc6 9. Nxc6 dxc6 10. O-O O-O 11. Qe2 {[%emt 0:00:30] B43: Sicilian: Kan Variation: 5 Nc3} (11. a3 Be7 {½-½ (11) Perez Mitjans,O (2429)-Bruzon Batista,L (2699) Azuqueca de Henares 2013}) 11... e5 12. Kh1 b5 $146 ({Predecessor:} 12... Be6 13. a3 Be7 14. f4 b5 15. b3 Rad8 16. f5 Bc8 17. g4 Nxg4 18. Qxg4 Rxd2 {0-1 (33) Potier,P (1610)-Le Corre,P (1999) Morbihan 2010}) 13. Nxb5 cxb5 14. Bxb4 Rd8 15. a3 (15. Rfd1 $16) 15... Be6 (15... a5 $14) 16. Rfc1 Rab8 17. Qe1 Rd4 18. b3 Rc8 19. f3 h6 20. Bd2 Rd6 21. f4 Rc6 22. f5 Bd7 23. Ra2 Be8 24. Bf3 (24. Bb4 $14) 24... Nd7 (24... Rd6 $15) 25. g4 f6 26. h4 Bf7 27. Qe2 (27. Qe3 $16) 27... Bxb3 $1 {[%emt 0:00:30] Pin} 28. Rb2 ({Better is} 28. cxb3 $15 Rxc1+ 29. Bxc1 Qxc1+ 30. Kg2) 28... Bxc2 29. Kh2 {[%emt 0:00:30] [#]} Bxe4 $1 30. Rxc6 Bxc6 31. Bxc6 Qxc6 32. Bb4 Qc1 33. Rd2 Nb6 $19 34. Qd3 Qe1 35. Qd8+ $2 (35. Qg3 Qe4 36. g5 hxg5 37. hxg5 fxg5 38. Qxg5) 35... Kh7 36. Qxb6 Qxh4+ 37. Kg2 Qxg4+ 38. Kf2 Rc1 39. Ba5 Qf4+ 40. Kg2 Qe4+ 41. Kf2 Qe1+ (41... Qxf5+ $142 42. Kg2 Qg4+ 43. Kf2 e4 44. Ke3 Re1+ 45. Kd4 e3+ 46. Kc5 Qc4+ 47. Kd6 exd2 48. Qc5 d1=Q+ 49. Bd2 Qxd2+ 50. Kc6 Qxc5+ 51. Kxc5 Re6 52. a4 Qd6#) 42. Kf3 e4+ (42... Rc4 $142 43. Rf2 Qe4+ 44. Kg3 Qg4+ 45. Kh2 Qg5 46. Kh1 Rc1+ 47. Be1 Rxe1+ 48. Kh2 Qh4+ 49. Kg2 Qh1+ 50. Kg3 Rg1+ 51. Rg2 Qxg2+ 52. Kh4 Qh2#) 43. Kf4 Qh4+ $2 (43... Rc4 44. Rd7 e3+ 45. Rd4 Qf2+ 46. Ke4 e2) 44. Ke3 Re1+ 45. Re2 Qg5+ 46. Kf2 Qg1# 0-1

[Event "Bionext Festival 2019"]
[Site "Chihuahua"]
[Date "2019.12.01"]
[Round "5.12"]
[White "Carballo Jacquez, Emmanuel"]
[Black "Mendoza Gandara, Jose David"]
[Result "1/2-1/2"]
[ECO "C01"]
[WhiteElo "1616"]
[BlackElo "2037"]
[Annotator "NA RC"]
[PlyCount "86"]
[EventDate "2019.11.30"]
[EventType "swiss"]
[EventCountry "MEX"]
[SourceTitle "playchess.com"]
[Source "ChessBase"]
[SourceQuality "1"]
[TimeControl "5400+30"]

1. e4 e6 2. d4 d5 3. exd5 exd5 4. Bd3 g6 (4... Nc6 5. c3 Bd6 6. Qf3 Be6 7. Bf4 Nf6 8. Ne2 O-O 9. Bxd6 Qxd6 10. Qf4 Rad8 11. Na3 Ne7 12. Qxd6 Rxd6 13. Ng3 Ng6 14. Ne2 Nh4 {½-½ (43) Yu,Y (2752)-Rapport,R (2747) Saint Louis 2019}) 5. Bf4 Bg7 6. Nf3 {[%emt 0:00:30] C01: French: Exchange Variation} Ne7 7. O-O O-O 8. h3 $146 ({Predecessor:} 8. Re1 Nbc6 9. c3 Bf5 10. Qc2 Bxd3 11. Qxd3 Nf5 12. Qb5 Rb8 13. Nbd2 a6 14. Qc5 Qd7 15. Ne5 Nxe5 16. Bxe5 Bxe5 17. Rxe5 Rfe8 18. Qa7 {½-½ (18) Feyer,L (1660)-Hahlbohm,M (2074) Berlin 2014}) 8... Re8 9. c3 Nd7 10. Nbd2 Nf8 11. Re1 f6 12. Nf1 Be6 13. Qb3 b6 14. Re2 Qd7 15. Rae1 Rad8 16. Qc2 c6 17. Qd2 Bf7 18. Bh6 Bh8 19. Bf4 Bg7 20. Bh6 Bh8 21. Bf4 g5 22. Bh2 Bg7 23. Ng3 h5 24. Qc2 h4 25. Nf5 Nxf5 26. Bxf5 Be6 27. Bxe6+ Rxe6 28. Rxe6 Nxe6 29. Qf5 Re8 30. Qg4 Nf8 (30... Qf7 $5 31. Qf5 Bf8 $11) 31. Qxd7 Rxe1+ 32. Nxe1 Nxd7 33. Nf3 Kf7 34. Kf1 c5 35. Ke2 Bf8 36. Ne1 Ke6 37. Kf3 c4 $11 38. Kg4 Be7 39. f4 f5+ 40. Kh5 Nf6+ 41. Kh6 Ne4 42. fxg5 Bxg5+ 43. Kh5 Bc1 1/2-1/2